 Dungeon Sprint DCSS version 0.22.1-2-g9c5b331 (webtiles) character file.

287 diana the Cleaver (level 6, -2/90 HPs)
             Began as a Hill Orc Fighter on Dec 24, 2018.
             Slain by a human (7 damage)
             ... in the Dungeon (Sprint III: "The Ten Rune Challenge").
             The game lasted 00:02:09 (1056 turns).

diana the Cleaver (Hill Orc Fighter)                Turns: 1056, Time: 00:02:10

Health: -2/90      AC:  7    Str: 26    XL:     6   Next: 30%
Magic:  6/6        EV: 10    Int:  8    God:
Gold:   28         SH: 11    Dex: 12    Spells: 5/5 levels left

rFire    . . .     SeeInvis .   a - +0 war axe
rCold    . . .     Gourm    .   c - +0 shield
rNeg     . . .     Faith    .   b - +0 scale mail
rPois    .         Spirit   .   (no helmet)
rElec    .         Reflect  .   (no cloak)
rCorr    .         Harm     .   (no gloves)
MR       .....     NoTele   +   (no boots)
Stlth    ..........             (no amulet)
HPRegen  0.25/turn              (no ring)
MPRegen  0.10/turn              (no ring)

@: berserking, very quick
A: hooves 1, agile 1
a: no special abilities


You were in the Dungeon.
You were hungry.

You visited 1 branch You collected 28 gold pieces.

Inventory:

Hand Weapons
 a - a +0 war axe (weapon)
Armour
 b - a +0 scale mail (worn)
 c - a +0 shield (worn)
Scrolls
 k - a scroll of blinking
 l - a scroll of fog {unknown}
 o - a scroll of holy word {unknown}
 p - 2 scrolls of identify {unknown}
 q - 2 scrolls of remove curse {unknown}
 s - a scroll of torment {unknown}
Potions
 d - a potion of might
 e - 2 potions of curing
 g - a potion of heal wounds
 h - a potion of haste
 i - 3 potions of magic
 n - a potion of mutation
 r - 3 potions of flight
Comestibles
 f - 3 rations


   Skills:
 + Level 7.3 Fighting
 * Level 10.1 Axes
 + Level 6.7 Armour
 + Level 4.1 Dodging
 + Level 5.9 Shields


You had 5 spell levels left.
You didn't know any spells.
Your spell library was empty.

Dungeon Overview and Level Annotations

Branches:
Dungeon (1/1)

Altars:
Okawaru
Trog
Uskayaw
Wu Jian
Beogh


Innate Abilities, Weirdness & Mutations

You have large cloven feet.
You are agile. (Dex +2)


Message History

Your Fighting skill increases to level 7!
Your Axes skill gained 2 levels and is now at level 10!
Your Armour skill increases to level 6!
Your Dodging skill increases to level 4!
You have reached level 6!
Your experience leads to an increase in your attributes!
Your base attributes are Str 20, Int 8, Dex 10.
Increase (S)trength, (I)ntelligence, or (D)exterity?
You feel stronger.
You hit the human. The human hits you but does no damage.
You closely miss the human.
The human is moderately wounded.
You barely miss the human. Your kick misses the human.
The human is moderately wounded.
The human hits you!
* * * LOW HITPOINT WARNING * * *
You slash the human! You kick the human.
The human is almost dead.
The human hits you!
You die...

▓▓ ▓▓▓ .#### ##.# #####
....#####..# #___#
.†...#..#..# #_p.#
##...#..#..###+#@###+##
###..##'#..#..........#
.##..###...'.⌠........#
##..####...#...######+#
##).###....#.⌠.#
#...##.....#...#
....#......#+###
..##.#.....# ..
####....#


You could see a human.

Vanquished Creatures
  A water elemental (D)
  A scorpion (D)
  Jessica (D)
  2 humans (D)
  An ooze (D)
  2 rats (D)
8 creatures vanquished.

Vanquished Creatures (others)
  2 draconian scorchers (D)
  2 yaktaurs (D)
  6 hellions (D)
  A plant (D)
11 creatures vanquished.

Grand Total: 19 creatures vanquished

Notes
Turn   | Place    | Note
-------+----------+-------------------------------------------
     0 | D        | diana the Hill Orc Fighter began the quest for the Orb.
     0 | D        | Reached XP level 1. HP: 19/19 MP: 1/1
    10 | D        | Reached skill level 3 in Axes
    12 | D        | Reached skill level 4 in Axes
    12 | D        | Reached skill level 1 in Dodging
    44 | D        | Noticed Jessica
    45 | D        | Killed a yaktaur
    56 | D        | Killed Jessica
    56 | D        | Reached skill level 5 in Axes
    56 | D        | Reached XP level 2. HP: 8/28 MP: 2/2
    56 | D        | Reached XP level 3. HP: 10/35 MP: 3/3
   109 | D        | Killed a hellion
   109 | D        | Killed a hellion
   130 | D        | Killed a white draconian scorcher
   166 | D        | Killed a white draconian scorcher
   170 | D        | Killed a hellion
   195 | D        | Killed a hellion
   205 | D        | Killed a hellion
   233 | D        | Killed a hellion
   301 | D        | Reached skill level 5 in Fighting
   301 | D        | Reached skill level 6 in Axes
   487 | D        | Noticed a scorpion
   497 | D        | Killed a scorpion
   497 | D        | Reached skill level 7 in Axes
   497 | D        | Reached skill level 5 in Armour
   497 | D        | Reached XP level 4. HP: 36/44 MP: 4/4
   512 | D        | Gained mutation: You are dopey. (Int -2) [potion of
                  | mutation]
   512 | D        | Gained mutation: You possess an exceptional clarity of
                  | mind. [potion of mutation]
   513 | D        | Lost mutation: You are dopey. (Int -2) [potion of mutation]
   513 | D        | Lost mutation: You possess an exceptional clarity of mind.
                  | [potion of mutation]
   513 | D        | Gained mutation: You are frail. (-10% HP) [potion of
                  | mutation]
   513 | D        | Gained mutation: You are covered in fur. (AC +1) [potion of
                  | mutation]
   514 | D        | Lost mutation: You are frail. (-10% HP) [potion of
                  | mutation]
   514 | D        | Lost mutation: You are covered in fur. (AC +1) [potion of
                  | mutation]
   514 | D        | Gained mutation: You have large cloven feet. [potion of
                  | mutation]
   514 | D        | Gained mutation: You are agile. (Dex +2) [potion of
                  | mutation]
   514 | D        | Gained mutation: You evolve. [potion of mutation]
   539 | D        | Killed a yaktaur
   608 | D        | Lost mutation: You evolve. [evolution]
   649 | D        | Noticed a water elemental
   662 | D        | Killed a water elemental
   662 | D        | Reached skill level 8 in Axes
   662 | D        | Reached skill level 5 in Shields
   662 | D        | Reached XP level 5. HP: 6/51 MP: 5/5
  1044 | D        | Found a hide-covered altar of Uskayaw.
  1044 | D        | Found a roughly hewn altar of Beogh.
  1044 | D        | Found an iron altar of Okawaru.
  1044 | D        | Found a bloodstained altar of Trog.
  1044 | D        | Found an ornate altar of the Wu Jian Council.
  1044 | D        | Noticed a human
  1045 | D        | Noticed a human
  1053 | D        | Killed a human
  1053 | D        | Reached skill level 10 in Axes
  1053 | D        | Reached XP level 6. HP: 17/60 MP: 6/6
  1056 | D        | Slain by a human

Skill      XL: |  1  2  3  4  5 |
---------------+----------------+-----
Fighting       | 4 5 6 7 |  7.3
Axes           | 5 7 8 10 | 10.1
Dodging        | 2 3 4 |  4.1
Armour         | 4 5 6 |  6.7
Shields        | 4 5 |  5.9

Action                   |  1- 3 |  4- 6 || total
-------------------------+-------+-------++-------
Melee: War axe           |    48 |    19 ||    67
       Kick              |       |     6 ||     6
  Use: Potion            |       |     4 ||     4
Armor: Scale mail        |    12 |     3 ||    15
Dodge: Dodged            |     8 |     4 ||    12
Block: Shield            |    24 |     8 ||    32
